AoeStats
← [00]

Nomad

509948614Analyzed
2v2 RM · 3d ago on Sep 28, 2026· 48m 35s· 4 players
Game mode
Random Map
Map size
176×176
Population
200
Speed
Normal
Resources
Standard
Victory
Conquest
Starting age
Dark Age
Ending age
Imperial Age
RankedLock teamsTeams togetherTeam positionsShared explorationLock speedFull tech treeHidden civsTurbo modeCheats
Victory
Defeat
🇨🇴 Bohemians · Colombia
1347
+16
🇮🇹 Hindustanis · Italy
1290
+18
🇨🇭 Portuguese · Switzerland
1348
-17
🇩🇪 Malay · Germany
1348
-17
FkeVriX
5:08 Loom
13:56 Feudal Age
18:41 Castle Age
17:42 Double-Bit Axe
19:36 Bow Saw
21:59 Wheelbarrow
23:24 Wheelbarrow
23:51 Fletching
25:10 Bodkin Arrow
25:02 Horse Collar
26:02 Medium Warships
30:14 Clinker Construction
33:26 Hand Cart
34:50 Padded Archer Armor
34:40 Elite Skirmisher
38:16 Imperial Age
36:39 Ballistics
37:07 Leather Archer Armor
37:07 Heavy Plow
38:25 Masonry
38:18 Town Watch
38:29 Pikeman
39:11 Squires
39:28 Forging
39:19 Scale Mail Armor
39:19 Arson
40:01 Conscription
39:17 Sappers
41:00 Iron Casting
41:21 Bracer
42:43 Ring Archer Armor
41:51 Halberdier
42:48 Chain Mail Armor
42:49 Capped Ram
44:38 Blast Furnace
45:13 Two-Man Saw
45:37 Plate Mail Armor
46:14 Scale Barding Armor
46:47 Conscription
46:42 Siege Engineers
48:33 Chemistry
47:45 Elite Hussite Wagon
GdR_Salinaro
12:25 Feudal Age
13:10 Double-Bit Axe
15:29 Fishing Lines
20:46 Castle Age
21:41 Medium Warships
22:13 Bow Saw
22:05 Gold Mining
22:05 Stone Mining
24:15 Loom
24:48 Horse Collar
26:53 Heavy Plow
29:06 Wheelbarrow
28:16 Town Watch
29:21 Gold Shaft Mining
29:21 Stone Shaft Mining
31:43 Hand Cart
35:26 Imperial Age
33:27 Husbandry
33:37 Bloodlines
33:35 Scale Barding Armor
33:40 Forging
34:48 Chain Barding Armor
35:28 Heavy Camel Rider
36:47 Plate Barding Armor
36:47 Iron Casting
37:33 Two-Man Saw
37:14 Imperial Camel Rider
39:31 Conscription
39:29 Grand Trunk Road
41:41 Blast Furnace
47:13 Light Cavalry
47:48 Hussar
#v0dk4
5:28 Loom
13:34 Feudal Age
17:53 Castle Age
28:47 Double-Bit Axe
28:43 Horse Collar
34:50 Imperial Age
33:37 Bow Saw
34:20 Fletching
34:46 Town Watch
35:38 Wheelbarrow
35:29 Fishing Lines
36:47 Scale Barding Armor
36:41 Gold Mining
36:53 Heavy Plow
38:03 Chain Barding Armor
37:13 Cavalier
38:25 Forging
39:21 Plate Barding Armor
39:16 Bloodlines
39:28 Husbandry
39:38 Gillnets
40:40 Pikeman
42:01 Iron Casting
42:32 Scale Mail Armor
42:02 Halberdier
43:56 Chain Mail Armor
48:06 Blast Furnace
47:28 Hand Cart
[00]
3:53 Loom
12:43 Feudal Age
12:42 Double-Bit Axe
14:35 Fletching
21:04 Castle Age
21:01 Medium Warships
20:48 Bodkin Arrow
21:45 Bow Saw
22:16 Fishing Lines
22:50 Horse Collar
24:41 Town Watch
26:00 Wheelbarrow
25:40 Heavy Plow
26:19 Padded Archer Armor
27:31 Hand Cart
27:35 Gillnets
28:07 Leather Archer Armor
27:47 Crossbowman
33:38 Imperial Age
31:53 Thumb Ring
33:24 Bracer
34:41 Chemistry
35:35 Ring Archer Armor
35:42 Heavy Warships
34:47 Arbalester
36:22 Ballistics
37:22 Crop Rotation
37:54 Forging
38:23 Forced Levy
37:55 Man-at-Arms
39:04 Gold Mining
39:37 Conscription
40:02 Iron Casting
39:11 Long Swordsman
39:52 Squires
41:51 Blast Furnace
40:39 Arson
40:29 Two-Handed Swordsman
Connection lost

Rejoining the realm…

Still unreachable

The connection could not be restored.

Session expired

The server has moved on; the page needs a fresh start.